 Dungeon Crawl Stone Soup version 0.23-a0-358-g98c7a59 (webtiles) character file.

337 galech the Chopper (level 6, -3/48 HPs)
             Began as a Demonspawn Fighter on Oct 22, 2018.
             Slain by a wight
             ... wielding a +3 falchion
              (8 damage)
             ... on level 4 of the Dungeon.
             The game lasted 00:06:42 (2883 turns).

galech the Chopper (Demonspawn Fighter)             Turns: 2883, Time: 00:06:43

Health: -3/48      AC: 13    Str: 16    XL:     6   Next: 28%
Magic:  6/6        EV:  7    Int: 10    God:
Gold:   363        SH:  8    Dex: 14    Spells: 5/5 levels left

rFire    + + .     SeeInvis .   a - +0 war axe
rCold    + . .     Gourm    .   c - +0 shield
rNeg     . . .     Faith    .   v - +2 ring mail {rC+}
rPois    .         Spirit   .   w - +0 helmet
rElec    .         Reflect  .   u - +0 cloak
rCorr    .         Harm     .   D - +0 pair of gloves
MR       .....                  (no boots)
Stlth    +.........             (no amulet)
HPRegen  0.16/turn              C - ring of protection from fire
MPRegen  0.10/turn              t - ring of protection from fire

@: heavily drained
A: icy blue scales 2
a: no special abilities


You were on level 4 of the Dungeon.
You were hungry.

You visited 1 branch of the dungeon, and saw 5 of its levels.

You collected 363 gold pieces.

Inventory:

Hand Weapons
 a - a +0 war axe (weapon)
Armour
 c - a +0 shield (worn)
 e - the +0 leather armour of Trog's Approval {rElec Int+4}
   (You found it on level 4 of the Dungeon)

   It affects your intelligence (+4).
   It insulates you from electricity.
 u - a +0 cloak (worn)
 v - a +2 ring mail of cold resistance (worn)
 w - a +0 helmet (worn)
 D - a +0 pair of gloves (worn)
Jewellery
 q - an uncursed ring of ice
 t - a ring of protection from fire (right hand)
 C - a ring of protection from fire (left hand)
Scrolls
 g - a scroll of blinking
 m - a scroll of teleportation
 n - a scroll of fog
 r - a scroll of immolation
 s - 2 scrolls of enchant weapon
 x - 2 scrolls of remove curse
Potions
 b - a potion of brilliance {unknown}
 d - a potion of lignification {unknown}
 h - a potion of mutation {unknown}
 i - 2 potions of curing {unknown}
 l - 2 potions of invisibility {unknown}
 o - a potion of degeneration {unknown}
 z - a potion of heal wounds {unknown}
 A - 2 potions of flight {unknown}
 B - a potion of haste {unknown}
Comestibles
 f - 8 rations


   Skills:
 + Level 3.9(2.3) Fighting
 + Level 4.0(2.4) Axes
 + Level 3.6(2.0) Armour
 + Level 1.2(0.0) Dodging
 + Level 3.7(2.2) Shields


You had 5 spell levels left.
You didn't know any spells.
Your spell library was empty.

Dungeon Overview and Level Annotations

Branches:
Dungeon (5/15)
 Temple: D:4-7

Altars:
Sif Muna
Vehumet


Innate Abilities, Weirdness & Mutations

You are mostly covered in icy blue scales. (AC +3)


Message History

The wight hits you but does no damage. The wight closely misses you.
You block the wight's attack.
You see here 26 stones.
A crimson imp comes into view.
The crimson imp shouts!
The crimson imp blinks!
There is a stone staircase leading up here.
You climb upwards.
There is a stone staircase leading down here.
Your shield and ring mail prevent you from hitting the wight.
The wight is almost destroyed.
The wight closely misses you. The wight completely misses you.
You barely miss the wight.
The wight is almost destroyed.
The wight barely misses you.
Your shield and ring mail prevent you from hitting the wight.
The wight is almost destroyed.
The wight hits you with a +3 falchion!
You die...

...#.................# ♣♣.♣
####............#....# ♣.♣♣
.....####.#<.........# ♣♣.♣
...#.# #.##.........# ♣.♣♣
...#.## #............# ♣♣.♣♣
...#..#########......# ♣..P♣♣
#....................# ♣P.PP♣
..###.....######.....# ##..##
...............z@....###....#
..#)##....##................#
..#<)(....##................#
..#.#.....##................#
..#...#..####...............#
..#####.....#...............#
......#...#.#.....###########
.###.##.#.#.####.######
......#.#.............#


You could see a wight.

Vanquished Creatures
  Duvessa (D:4)
  Dowan (D:4)
  A wight (D:5)
  A hound (D:4)
  Crazy Yiuf (D:4)
  An adder (D:4)
  2 worms
  A leopard gecko (D:1)
  7 orcs
  3 giant cockroaches
  3 goblins (D:3)
  4 hobgoblins
  14 jackals
  A quokka (D:3)
  2 ball pythons
  12 bats
  4 frilled lizards
  3 kobolds
  3 rats
65 creatures vanquished.

Notes
Turn   | Place    | Note
-------+----------+-------------------------------------------
     0 | D:1      | galech the Demonspawn Fighter began the quest for the Orb.
     0 | D:1      | Reached XP level 1. HP: 18/18 MP: 1/1
   167 | D:1      | Gained mutation: You are partially covered in icy blue
                  | scales. (AC +2) [demonic ancestry]
   167 | D:1      | Reached XP level 2. HP: 23/24 MP: 2/2
   202 | D:1      | Reached skill level 2 in Axes
   626 | D:2      | Gained mutation: You are mostly covered in icy blue scales.
                  | (AC +3) [demonic ancestry]
   626 | D:2      | Reached XP level 3. HP: 29/29 MP: 3/3
   970 | D:2      | Found a radiant altar of Vehumet.
  1682 | D:3      | Reached XP level 4. HP: 35/35 MP: 4/4
  1704 | D:3      | Found a deep blue altar of Sif Muna.
  1930 | D:4      | Got a brightly glowing leather armour
  1941 | D:4      | Identified the +0 leather armour of Trog's Approval {rElec
                  | Int+4} (You found it on level 4 of the Dungeon)
  2015 | D:4      | Found a runed door.
  2114 | D:4      | Noticed Duvessa
  2148 | D:4      | Noticed Dowan
  2162 | D:4      | Killed Dowan
  2162 | D:4      | Reached skill level 3 in Axes
  2166 | D:4      | Killed Duvessa
  2166 | D:4      | Reached skill level 1 in Dodging
  2166 | D:4      | Reached XP level 5. HP: 22/42 MP: 5/5
  2414 | D:4      | Reached XP level 6. HP: 43/48 MP: 6/6
  2551 | D:4      | Noticed Crazy Yiuf
  2560 | D:4      | Killed Crazy Yiuf
  2566 | D:4      | Got a scorched mace
  2567 | D:4      | Identified the cursed +0 mace "Naadd" {venom, rF+ rC- MR+
                  | Dex+4} (You found it on level 4 of the Dungeon)
  2845 | D:5      | Entered Level 5 of the Dungeon
  2858 | D:5      | Reached skill level 4 in Axes
  2883 | D:4      | Slain by a wight

Vault maps used:
D:1:      scummos_arrival_star, moated_statue
D:2:      fiery_altar_vehumet, grunt_decor_arrowhead, amethyst_killhole
D:3:      lemuel_blue_sif_altar
D:4:      first_ration, uniq_crazy_yiuf_cottage, uniq_duvessa
D:5:      okawaru_ov_weapons_minmay, temple_green, portal_sewer_entry_a,
          uniq_sigmund, uniq_prince_ribbit1

Skill      XL: |  1  2  3  4  5  6 |
---------------+-------------------+-----
Axes           | 2 3 4 |  4.0
Shields        | 3 |  3.7
Armour         | 3 |  3.6
Dodging        | 1 |  1.2
Fighting       | |  3.9

Action                   |  1- 3 |  4- 6 || total
-------------------------+-------+-------++-------
Melee: War axe           |   143 |    91 ||   234
  Use: Potion            |       |     1 ||     1
       Scroll            |       |    11 ||    11
  Eat: Chunk             |     3 |     3 ||     6
Armor: Scale mail        |   102 |       ||   102
       Ring mail         |     8 |    46 ||    54
Dodge: Dodged            |    45 |    48 ||    93
Block: Shield            |    79 |    58 ||   137

Table legend:
 A = Non-vault XP
 B = Vault XP
 C = Vault XP percentage of total XP
 D = Non-vault monster count
 E = Vault monster count
 F = Vault count percentage of total count
                 A         B        C        D         E       F
            +---------+---------+-------+---------+---------+-------
      Total |     230 |     252 |  52.3 |      62 |       3 |   4.6
            +---------+---------+-------+---------+---------+-------
        D:1 |      40 |       0 |   0.0 |      22 |       0 |   0.0
        D:2 |      15 |       0 |   0.0 |       9 |       0 |   0.0
        D:3 |      50 |       0 |   0.0 |      24 |       0 |   0.0
        D:4 |      68 |     252 |  78.8 |       6 |       3 |  33.3
        D:5 |      57 |       0 |   0.0 |       1 |       0 |   0.0
            +---------+---------+-------+---------+---------+-------
